 Dungeon Crawl Stone Soup version 0.20.1-1-g8b1a95d (webtiles) character file.

175 gobwax the Conjurer (level 5, -9/31 HPs)
             Began as an Octopode Conjurer on Sept 10, 2017.
             Killed from afar by an orc (18 damage)
             ... with an exploding inner flame
             ... hexed by the player character
             ... on level 3 of the Dungeon.
             The game lasted 00:07:09 (3434 turns).

gobwax the Conjurer (Octopode Conjurer)             Turns: 3434, Time: 00:07:10

Health: -9/31      AC:  1    Str:  7    XL:     5   Next: 55%
Magic:  0/9        EV: 13    Int: 24    God:
Gold:   118        SH:  0    Dex: 12    Spells: 0/10 levels left

rFire    + . .     SeeInvis .   f - +1 mace (crush)
rCold    . . .     Gourm    .   (no shield)
rNeg     . . .     Faith    .   (helmet restricted)
rPois    .         Spirit   .   (no amulet)
rElec    .         Reflect  .   i - +5 ring of intelligence
rCorr    .         Harm     .   n - ring of protection from fire
MR       .....                  (no ring)
Stlth    +++.......             (no ring)
Regen    0.1/turn               (no ring)
MPRegen  0.2/turn               (no ring)
                                (no ring)
                                (no ring)

@: no status effects
A: almost no armour, stealthy swim, amphibious, 8 rings, constrict 8, camouflage
1, gelatinous body 1
a: no special abilities


You were on level 3 of the Dungeon.
You were hungry.

You visited 1 branch of the dungeon, and saw 3 of its levels.

You collected 118 gold pieces.

Inventory:

Hand Weapons
 f - a +1 mace of crushing (weapon)
Jewellery
 i - a +5 ring of intelligence (left tentacle)
 n - a ring of protection from fire (right tentacle)
Scrolls
 e - 4 scrolls of remove curse {unknown}
 h - 5 scrolls of identify {unknown}
 j - 2 scrolls of magic mapping {unknown}
 l - 3 scrolls of enchant armour {unknown}
 o - a scroll of teleportation {unknown}
Potions
 d - a potion of mutation {unknown}
 k - a potion of heal wounds {unknown}
 m - a potion of degeneration {unknown}
Books
 a - a book of Conjurations

   Spells                             Type                      Level
   a - Magic Dart                     Conjuration                  1
   b - Searing Ray                    Conjuration                  2
   c - Dazzling Spray                 Conjuration/Hexes            3
   d - Fulminant Prism                Conjuration/Hexes            4
   e - Force Lance                    Conjuration/Translocation    4
   f - Iskenderun's Mystic Blast      Conjuration                  4
Comestibles
 b - 2 bread rations
 c - 2 meat rations


   Skills:
 - Level 2.2 Dodging
 - Level 2.8 Stealth
 + Level 3.3 Spellcasting
 + Level 5.8 Conjurations


You couldn't memorise any spells.
You knew the following spells:

 Your Spells              Type           Power        Failure   Level  Hunger
a - Magic Dart            Conj           ####         1%          1    None
b - Searing Ray           Conj           ####..       1%          2    ##.....
c - Dazzling Spray        Conj/Hex       ###...       10%         3    ###....
d - Iskenderun's Mystic   Conj           ####....     10%         4    ####...


Dungeon Overview and Level Annotations

Branches:
Dungeon (3/15)

Altars:
Elyvilon
Makhleb
Ru
Trog
Uskayaw
Zin
The Shining One


Innate Abilities, Weirdness & Mutations

You cannot wear most types of armour.
You are very stealthy in the water. (Stealth+)
You are amphibious.
You can wear up to eight rings at the same time.
You can use your tentacles to constrict eight enemies at once.
Your skin changes colour to match your surroundings (Stealth+).
Your rubbery body absorbs attacks. (AC +1, EV +1)


Message History

The creatures around you are filled with an inner flame!
It was a scroll of immolation.
You barely miss the orc. You grab the orc.
The orc is moderately wounded.
You constrict the orc, but do no damage.
The orc hits you with a mace.
You thump the orc!
The orc explodes!
The fiery explosion engulfs the orc.
The orc explodes!
The fiery explosion engulfs you! You resist.
Ouch! That really hurt!
* * * LOW HITPOINT WARNING * * *
The fiery explosion engulfs the orc wizard.
The orc wizard explodes!
The fiery explosion engulfs the adder.
The adder explodes!
The fiery explosion engulfs you! You resist.
Ouch! That really hurt!
You die...

#.#...†......
#.##.#####...
#.##.# ##.
#.##.# ...
#.##.# #.#
#.########..#
#...........#
#.#####§....#
#.# #@§§##..#
#.# #§###
.... #.# #§#
## ..# #§#
### §)§ ..†
#... #...#


There were no monsters in sight!

Vanquished Creatures
  An orc wizard (D:3)
  4 adders
  4 gnolls (D:2)
  2 oozes
  3 worms
  A dart slug (D:2)
  A leopard gecko (D:1)
  3 orcs (D:3)
  3 giant cockroaches
  5 goblins
  3 hobgoblins
  4 jackals (D:3)
  5 kobolds
  A quokka (D:2)
  3 bats
  A frilled lizard (D:1)
  12 rats
56 creatures vanquished.

Notes
Turn   | Place    | Note
-------+----------+-------------------------------------------
     0 | D:1      | gobwax the Octopode Conjurer began the quest for the Orb.
     0 | D:1      | Reached XP level 1. HP: 11/11 MP: 3/3
   622 | D:1      | Reached XP level 2. HP: 14/17 MP: 3/5
  1544 | D:2      | Found a white marble altar of Elyvilon.
  1544 | D:2      | Found a hide-covered altar of Uskayaw.
  1641 | D:2      | Found a burning altar of Makhleb.
  1642 | D:2      | Found a sacrificial altar of Ru.
  1642 | D:2      | Found a glowing golden altar of the Shining One.
  1642 | D:2      | Found a glowing silver altar of Zin.
  1662 | D:2      | Reached XP level 3. HP: 14/21 MP: 2/6
  1679 | D:2      | Learned a level 2 spell: Searing Ray
  1683 | D:2      | Learned a level 3 spell: Dazzling Spray
  1859 | D:2      | Noticed a moth of wrath
  1862 | D:2      | Found a bloodstained altar of Trog.
  2235 | D:2      | Reached skill level 5 in Conjurations
  2428 | D:2      | Reached XP level 4. HP: 27/27 MP: 4/7
  2488 | D:2      | HP: 1/27 [gnoll/flail (7)]
  3050 | D:3      | Reached XP level 5. HP: 15/31 MP: 7/9
  3364 | D:3      | Learned a level 4 spell: Iskenderun's Mystic Blast
  3434 | D:3      | Killed from afar by an orc

Skill      XL: |  1  2  3  4  5 |
---------------+----------------+-----
Conjurations   | 5 |  5.8
Spellcasting   | 3 |  3.3
Dodging        | |  2.2
Stealth        | |  2.8

Action                   |  1- 3 |  4- 6 || total
-------------------------+-------+-------++-------
Melee: Unarmed           |     6 |       ||     6
       Mace              |    14 |    26 ||    40
       Constrict         |     6 |     4 ||    10
       Tentacles         |     1 |     3 ||     4
 Cast: Magic Dart        |    49 |    33 ||    82
       Searing Ray       |     1 |     3 ||     4
       Iskenderun's Myst |       |     1 ||     1
  Use: Potion            |       |     3 ||     3
       Scroll            |       |     1 ||     1
 Stab: Sleeping          |     2 |     1 ||     3
  Eat: Chunk             |     5 |     3 ||     8
Armor: Skin              |     2 |     2 ||     4
Dodge: Dodged            |    13 |    21 ||    34
